 Dungeon Crawl Stone Soup version 0.22.0-27-ga576289 (webtiles) character file.

156 leisz the Vandal (level 5, -10/35 HPs)
             Began as a Halfling Hunter on Aug 22, 2018.
             Mangled by an orc warrior
             ... wielding a +0 battleaxe
              (13 damage)
             ... on level 3 of the Dungeon.
             The game lasted 00:09:48 (1955 turns).

leisz the Vandal (Halfling Hunter)                  Turns: 1955, Time: 00:09:49

Health: -10/35     AC:  3    Str: 14    XL:     5   Next: 64%
Magic:  14/14      EV: 15    Int:  9    God:
Gold:   73         SH:  0    Dex: 15    Spells: 4/4 levels left

rFire    . . .     SeeInvis .   b - +0 short sword
rCold    . . .     Gourm    .   (shield restricted)
rNeg     . . .     Faith    .   c - +0 leather armour
rPois    .         Spirit   .   (no helmet)
rElec    .         Reflect  .   (no cloak)
rCorr    +         Harm     .   (no gloves)
MR       .....                  (no boots)
Stlth    ++........             q - amulet of the acrobat
HPRegen  0.11/turn              u - ring of magical power
MPRegen  0.14/turn              r - ring of resist corrosion

@: no status effects
A: small, mutation resistance 1
a: no special abilities


You were on level 3 of the Dungeon.
You were not hungry.

You visited 1 branch of the dungeon, and saw 3 of its levels.

You collected 73 gold pieces.

Inventory:

Hand Weapons
 a - a +1 hunting sling
 b - a +0 short sword (weapon)
Missiles
 n - 104 stones (quivered)
Armour
 c - a +0 leather armour (worn)
Jewellery
 l - an uncursed ring of wizardry
 q - an amulet of the acrobat (around neck)
 r - a ring of resist corrosion (right hand)
 u - a ring of magical power (left hand)
Scrolls
 g - a scroll of teleportation {unknown}
 h - 2 scrolls of identify {unknown}
 i - a scroll of fear {unknown}
 k - 2 scrolls of blinking {unknown}
 o - a scroll of amnesia {unknown}
 p - a scroll of immolation {unknown}
 w - a scroll of noise {unknown}
Potions
 e - a potion of agility {unknown}
 j - a potion of resistance {unknown}
 m - a potion of heal wounds {unknown}
 s - a potion of berserk rage {unknown}
 t - a potion of might {unknown}
 v - a potion of haste {unknown}
 z - a potion of curing {unknown}
Comestibles
 f - 2 rations
 x - a chunk of flesh


   Skills:
 + Level 2.7 Fighting
 + Level 0.5 Short Blades
 + Level 6.8 Slings
 + Level 0.6 Armour
 + Level 3.4 Dodging
 + Level 3.1 Stealth


You had 4 spell levels left.
You didn't know any spells.
Your spell library was empty.

Dungeon Overview and Level Annotations

Branches:
Dungeon (3/15)

Altars:


Innate Abilities, Weirdness & Mutations

You are small and have problems with some larger weapons.
You are somewhat resistant to further mutation.


Message History

You shoot a stone. The stone hits the orc warrior.
The orc warrior is lightly wounded.
The orc wizard gestures wildly while chanting.
The orc wizard blinks!
Firing (i - inventory)
n - 105 stones (quivered)
Press: ? - help, Shift-Dir - straight line, f/p - orc warrior
Aim: an orc warrior, wielding a battleaxe and wearing a chain mail (lightly wounded)
You shoot a stone. The stone hits the orc warrior!
The orc warrior is moderately wounded.
The orc warrior hits you with a battleaxe.
b - a +0 short sword (weapon)
You hit the orc warrior but do no damage.
The orc warrior is moderately wounded.
The orc warrior hits you with a battleaxe!!
Ouch! That really hurt!
* * * LOW HITPOINT WARNING * * *
There is a stone staircase leading up here.
Magic restored.
The orc warrior hits you with a battleaxe!
You die...

### #.. .## #.# ##...
##########.#..#.#####
#..........#........
#.#...........#...# #
#.#.......@####...#
####.##.#........o......######
...(......รท........o..........
###.##.#.######.#####..#####
#.##.#.# #.# #..# #.#..#.# #.#
#..# ####.##.#.# #.# #o.#####
...#.##.#.# #.# #......#
##.#.##.#.# #.# #.####.#


You could see an orc warrior and an orc.

Vanquished Creatures
  An ogre (D:1)
  An adder (D:2)
  2 oozes
  4 worms (D:2)
  A dart slug (D:1)
  A leopard gecko (D:2)
  2 orcs (D:3)
  4 giant cockroaches
  5 goblins
  4 hobgoblins
  3 bats
  4 frilled lizards
  5 kobolds
  4 rats
41 creatures vanquished.

Notes
Turn   | Place    | Note
-------+----------+-------------------------------------------
     0 | D:1      | leisz the Halfling Hunter began the quest for the Orb.
     0 | D:1      | Reached XP level 1. HP: 14/14 MP: 1/1
    41 | D:1      | Reached skill level 6 in Slings
    41 | D:1      | Reached XP level 2. HP: 19/19 MP: 2/2
   711 | D:1      | Reached XP level 3. HP: 24/24 MP: 3/3
   864 | D:2      | Noticed an ogre
   901 | D:1      | Killed an ogre
   901 | D:1      | Reached XP level 4. HP: 11/30 MP: 4/4
   901 | D:1      | Reached XP level 5. HP: 13/35 MP: 5/5
  1909 | D:3      | Noticed an orc warrior
  1933 | D:3      | HP: 1/35 [orc warrior/battleaxe (28)]
  1955 | D:3      | Mangled by an orc warrior

Skill      XL: |  1  2  3  4  5 |
---------------+----------------+-----
Fighting       | 2 |  2.7
Slings         | 6 |  6.8
Stealth        | 2 3 |  3.1
Dodging        | 3 |  3.4
Short Blades   | |  0.5
Armour         | |  0.6

Action                   |  1- 3 |  4- 6 || total
-------------------------+-------+-------++-------
Melee: Short sword       |    16 |    10 ||    26
 Fire: Hunting sling     |    43 |    62 ||   105
Throw: Stone             |       |    17 ||    17
  Eat: Ration            |       |     1 ||     1
Armor: Leather armour    |     1 |     5 ||     6
Dodge: Dodged            |    15 |    13 ||    28
